 Dungeon Crawl Stone Soup version 0.23-a0-625-g1d2cd9b (console) character file.

1261 bli the Magician (level 8, 0/62 HPs)
             Began as a Red Draconian Fire Elementalist on Dec 24, 2018.
             Was a Follower of Qazlal.
             Slain by an orc warrior
             ... wielding a +0 trident of freezing
              (2 damage)
             ... on level 6 of the Dungeon.
             The game lasted 00:20:31 (5970 turns).

bli the Magician (Red Draconian Fire Elementalist)  Turns: 5970, Time: 00:20:31

Health: 0/62       AC:  6    Str: 10    XL:     8   Next: 27%
Magic:  17/17      EV: 13    Int: 17    God:    Qazlal [*.....]
Gold:   242        SH:  1    Dex: 13    Spells: 9/19 levels left

rFire    + . .     SeeInvis .   b - +2 flail (protect)
rCold    . . .     Gourm    .   (no shield)
rNeg     . . .     Faith    .   (armour unavailable)
rPois    .         Spirit   .   (helmet restricted)
rElec    .         Reflect  .   (no cloak)
rCorr    .         Harm     .   (no gloves)
MR       .....                  (no boots)
Stlth    ++........             (no amulet)
HPRegen  0.20/turn              (no ring)
MPRegen  0.15/turn              (no ring)

@: lethally poisoned (0 -> -1)
A: breathe fire, unfitting armour, fire resistance 1, cold-blooded, AC +6
a: Breathe Fire, Renounce Religion


You were on level 6 of the Dungeon.
You worshipped Qazlal.
Qazlal was aware of your devotion.
You were not hungry.

You visited 1 branch of the dungeon, and saw 6 of its levels.

You collected 242 gold pieces.

Inventory:

Hand Weapons
 a - a +1 dagger of venom
 b - a +2 flail of protection (weapon)
 c - a +1 dagger of speed
 d - a +0 hunting sling
 l - a +0 mace
 n - a +0 hunting sling
 q - a +0 long sword
 v - a +0 whip
 y - a +0 falchion
 I - a +0 club
Missiles
 e - 144 stones (quivered)
 u - 4 tomahawks
Jewellery
 C - an uncursed amulet of inaccuracy
Wands
 r - a wand of acid (10)
Scrolls
 g - 2 scrolls of remove curse
 i - 4 scrolls of identify
 j - 2 scrolls of fog {unknown}
 k - a scroll of magic mapping {unknown}
 p - 3 scrolls of teleportation
 t - a scroll of noise {unknown}
 x - a scroll of enchant armour {unknown}
 D - a scroll of immolation {unknown}
Potions
 f - a potion of brilliance {unknown}
 h - 2 potions of curing
 m - 2 potions of haste {unknown}
 o - 2 potions of berserk rage {unknown}
 s - a potion of ambrosia {unknown}
 w - a potion of lignification {unknown}
 z - 2 potions of flight {unknown}
 A - 3 potions of magic {unknown}
 B - a potion of degeneration {unknown}
 E - a potion of might {unknown}
 G - a potion of mutation {unknown}
Comestibles
 F - 10 rations
 H - a chunk of flesh


   Skills:
 + Level 2.4 Fighting
 * Level 3.3 Dodging
 - Level 2.4 Stealth
 + Level 6.4 Spellcasting
 * Level 4.7 Conjurations
 + Level 5.4 Fire Magic


You had 9 spell levels left.
You knew the following spells:

 Your Spells              Type           Power        Failure   Level  Hunger
a - Flame Tongue          Conj/Fire      ###..        1%          1    None
b - Fireball              Conj/Fire      ###.......   38%         5    #####..
s - Sticky Flame          Conj/Fire      ###.....     16%         4    ####...

Your spell library contained the following spells:

 Spells                   Type           Power        Failure   Level  Hunger
 Throw Flame              Conj/Fire      ###...       2%          2    None
 Conjure Flame            Conj/Fire      ###.....     4%          3    ##.....
 Inner Flame              Hex/Fire       ##......     12%         3    ##.....


Dungeon Overview and Level Annotations

Branches:
Dungeon (6/15)             Temple (0/1) D:5

Altars:
Hepliaklqana
Nemelex Xobeh
Qazlal
Trog
Uskayaw


Innate Abilities, Weirdness & Mutations

You can breathe blasts of fire.
Your fiery red scales are hard. (AC +6)
You cannot fit into any form of body armour.
Your flesh is heat resistant. (rF+)
You are cold-blooded and may be slowed by cold attacks.


Message History

The orc warrior hits you from afar with a +0 trident of freezing.
The orc warrior freezes you. The jackal barely misses you.
You miss something. You tail-slap something. The jackal barely misses you.
The Something hits you but does no damage.
An orc wizard comes into view. It is wielding a -1 dagger.
The jackal closely misses you. The orc warrior closely misses you.
The jackal bites you but does no damage.
Something hits you but does no damage.
You miss something. The jackal barely misses you. The jackal bites you.
The orc warrior hits you from afar with a +0 trident of freezing!
The orc warrior freezes you.
The jackal bites you but does no damage.
Something hits you. The jackal misses you. The orc warrior misses you.
You closely miss something.
Your tail-slap misses something.
You feel sick. The The jackal closely misses you. Something hits you.
The jackal bites you.
* * * LOW HITPOINT WARNING * * *
The orc warrior hits you from afar with a +0 trident of freezing!
* * * LOW HITPOINT WARNING * * *
The orc warrior freezes you.
You die...

########.
##........
#......#
#.)....#
#.<....#
#{##.###
#@# #
#......hh#
######.oh#
#.#o# #.
.. #. ###
#. Y...
#.# ....
.# . ..#
##.# .
#.###...


You could see an orc warrior, an orc wizard and 3 jackals.

Vanquished Creatures
  A hippogriff (D:5)
  An ice beast (D:5)
  A phantom (D:5)
  4 scorpions (D:5)
  2 howler monkeys (D:5)
  A centaur zombie (D:5)
  A hound (D:5)
  2 orc priests
  A jelly (D:5)
  8 orc wizards
  5 worker ants
  5 adders
  2 oozes
  An adder skeleton (D:4)
  2 worms (D:5)
  2 dart slugs
  3 leopard geckos (D:3)
  20 orcs
  2 giant cockroaches (D:2)
  6 goblins
  4 hobgoblins
  4 jackals (D:5)
  A quokka (D:3)
  A ball python (D:1)
  A ball python zombie (D:5)
  6 bats
  3 frilled lizards
  A kobold (D:3)
  A leopard gecko skeleton (D:5)
  9 rats
101 creatures vanquished.

Notes
Turn   | Place    | Note
-------+----------+-------------------------------------------
     0 | D:1      | bli the Draconian Fire Elementalist began the quest for the
                  | Orb.
     0 | D:1      | Reached XP level 1. HP: 14/14 MP: 3/3
   246 | D:1      | Reached XP level 2. HP: 20/20 MP: 1/5
   405 | D:1      | Reached skill level 3 in Spellcasting
   898 | D:2      | Reached XP level 3. HP: 25/26 MP: 2/7
   950 | D:2      | Reached XP level 4. HP: 17/33 MP: 0/9
  1086 | D:2      | Reached skill level 4 in Spellcasting
  1925 | D:3      | Found a sparkling altar of Nemelex Xobeh.
  2070 | D:3      | Reached XP level 5. HP: 36/39 MP: 4/11
  2093 | D:3      | Reached skill level 1 in Fighting
  2518 | D:3      | Found a hide-covered altar of Uskayaw.
  2518 | D:3      | Found a hazy altar of Hepliaklqana.
  2748 | D:4      | Reached XP level 6. HP: 34/47 MP: 8/13
  2973 | D:4      | Found a stormy altar of Qazlal.
  2989 | D:4      | Became a worshipper of Qazlal Stormbringer
  3813 | D:5      | Entered Level 5 of the Dungeon
  3820 | D:5      | Reached skill level 5 in Spellcasting
  3897 | D:5      | Learned a level 4 spell: Sticky Flame
  3903 | D:5      | Learned a level 5 spell: Fireball
  4164 | D:5      | Noticed an ice beast
  4172 | D:5      | Killed an ice beast
  4181 | D:5      | Your scales start taking on a fiery red colour.
  4181 | D:5      | Reached XP level 7. HP: 41/52 MP: 3/15
  4181 | D:5      | Gained mutation: Your flesh is heat resistant. (rF+) [Red
                  | Draconian growth]
  4673 | D:5      | Reached skill level 6 in Spellcasting
  5060 | D:5      | Noticed a hippogriff
  5061 | D:5      | Found a staircase to the Ecumenical Temple.
  5072 | D:5      | Killed a hippogriff
  5072 | D:5      | Reached skill level 5 in Fire Magic
  5084 | D:5      | Reached * piety under Qazlal
  5084 | D:5      | Reached XP level 8. HP: 25/61 MP: 7/17
  5223 | D:5      | Found a bloodstained altar of Trog.
  5970 | D:6      | HP: 2/62 [orc warrior/+0 trident of freezing (15)]
  5970 | D:6      | Slain by an orc warrior

Vault maps used:
D:1:      sevenhm_arrival_forest_fort_small_3, chequers_jeans,
          minmay_pentomino_u2
D:3:      gammafunk_temple_overflow_wave, nemelex_diamond_rough_becter
D:4:      grunt_qazlal_sundering
D:5:      minmay_temple_entry_crystal_x, first_ration, bloody_trog
D:6:      marbit_many_paths, serial_glass, glass_columns_c, glass_columns_a,
          glass_columns_b, glass_columns_c, glass_columns_c, glass_columns_c,
          glass_columns_c

Skill      XL: |  1  2  3  4  5  6  7 |
---------------+----------------------+-----
Spellcasting   | 3 4 5 6 |  6.4
Conjurations   | 2 3 4 |  4.7
Stealth        | 2 |  2.4
Fighting       | 1 2 |  2.4
Dodging        | 2 3 |  3.3
Fire Magic     | 4 5 |  5.4

Action                   |  1- 3 |  4- 6 |  7- 9 || total
-------------------------+-------+-------+-------++-------
Melee: Club              |    19 |       |       ||    19
       Unarmed           |     4 |       |       ||     4
       Whip              |    13 |   102 |       ||   115
       Tailslap          |     3 |     8 |    10 ||    21
       Dagger            |       |    44 |    59 ||   103
       Flail             |       |       |    40 ||    40
Throw: Stone             |     7 |     6 |    17 ||    30
 Cast: Flame Tongue      |    33 |    82 |    95 ||   210
  Use: Potion            |       |     1 |       ||     1
       Scroll            |       |       |     3 ||     3
 Stab: Sleeping          |     1 |     2 |       ||     3
  Eat: Chunk             |       |    10 |     6 ||    16
Armor: Skin              |    21 |    70 |    46 ||   137
Dodge: Dodged            |    32 |   110 |    99 ||   241
Block: Other             |       |       |     4 ||     4

Table legend:
 A = Non-vault XP
 B = Vault XP
 C = Vault XP percentage of total XP
 D = Non-vault monster count
 E = Vault monster count
 F = Vault count percentage of total count
                 A         B        C        D         E       F
            +---------+---------+-------+---------+---------+-------
      Total |    1759 |      43 |   2.4 |      98 |       3 |   3.0
            +---------+---------+-------+---------+---------+-------
        D:1 |      26 |       3 |  10.3 |      12 |       2 |  14.3
        D:2 |     116 |       0 |   0.0 |      14 |       0 |   0.0
        D:3 |     215 |       0 |   0.0 |      28 |       0 |   0.0
        D:4 |      62 |       0 |   0.0 |       5 |       0 |   0.0
        D:5 |    1232 |       0 |   0.0 |      35 |       0 |   0.0
        D:6 |     108 |      40 |  27.0 |       4 |       1 |  20.0
            +---------+---------+-------+---------+---------+-------
